 Dungeon Crawl Stone Soup version 0.19-a0-1035-gdbfb0c6 (webtiles) character file.

181 HAL9000 the Cutter (level 5, -20/27 HPs)
             Began as a Vine Stalker Enchanter on July 29, 2016.
             Demolished by crawlian's ghost (21 damage)
             ... on level 4 of the Dungeon.
             The game lasted 00:06:01 (2637 turns).

HAL9000 the Cutter (Vine Stalker Enchanter)         Turns: 2637, Time: 00:06:04

Health: -20/27     AC:  4    Str: 12    XL:     5   Next: 61%
Magic:  0/9        EV: 12    Int: 15    God:
Gold:   106        SH:  0    Dex: 14    Spells: 3 memorised, 2 levels left

rFire  . . .     SeeInvis .     a - +1 dagger
rCold  . . .     Gourm    .     b - +1 robe
rNeg   . . .     Faith    .     (no shield)
rPois  .         Spirit   +     (no helmet)
rElec  .         Dismiss  .     (no cloak)
rCorr  .         Reflect  .     p - +0 pair of gloves
SustAt .         Harm     +     (no boots)
MR     .....                    x - amulet of harm
Stlth  ++........               (no ring)
                                (no ring)

@: very slightly contaminated, not resistant to hostile enchantments, unstealthy
A: fangs 2, regeneration 1, magic shield, antimagic bite, no device heal 3, rot
immunity
a: no special abilities


You were on level 4 of the Dungeon.
You were near starving.

You visited 1 branch of the dungeon, and saw 4 of its levels.

You collected 106 gold pieces.

Inventory:

Hand Weapons
 a - a +1 dagger (weapon)
Armour
 b - a +1 robe (worn)
 p - a +0 pair of gloves (worn)
Jewellery
 x - an amulet of harm (around neck)
Scrolls
 e - 2 scrolls of remove curse
 f - 4 scrolls of identify {unknown}
 g - 2 scrolls of fear {unknown}
 j - a scroll of recharging {unknown}
 k - a scroll of fog {unknown}
 m - a scroll of blinking {unknown}
 q - a scroll of teleportation {unknown}
 t - a scroll of enchant weapon {unknown}
Potions
 i - a potion of ambrosia {unknown}
 n - 2 potions of might {unknown}
 r - a potion of heal wounds {unknown}
 u - a potion of resistance {unknown}
 w - 2 potions of agility {unknown}
Books
 c - a book of Maledictions

   Spells                             Type                      Level
   a - Corona                         Hexes                        1
   b - Ensorcelled Hibernation        Hexes/Ice                    2
   c - Confuse                        Hexes                        3
   d - Tukima's Dance                 Hexes                        3
   e - Dazzling Spray                 Conjuration/Hexes            3
Comestibles
 d - 6 bread rations
 h - a fruit
 l - 3 meat rations


   Skills:
 + Level 2.5 Fighting
 * Level 3.9 Short Blades
 - Level 1.5 Dodging
 - Level 3.6 Stealth
 - Level 2.1 Spellcasting
 - Level 3.0 Hexes


You had 2 spell levels left.
You knew the following spells:

 Your Spells              Type           Power        Failure   Level  Hunger
a - Corona                Hex            ##.....      8%          1    #......
x - Confuse               Hex            ##......     21%         3    ###....
z - Ensorcelled Hibernat  Hex/Ice        #.....       17%         2    ###....


Dungeon Overview and Level Annotations

Branches:
Dungeon (4/15)
 Temple: D:4-7

Altars:
Ru
Xom

Annotations:
D:4 crawlian's ghost, weakling DEFE


Innate Abilities, Weirdness & Mutations

You have extremely sharp teeth.
Your natural rate of healing is unusually fast.
When hurt, damage is shared between your health and your magic reserves.
Your bite disrupts and absorbs the magic of your enemies.
Potions and wands cannot restore your health.
You are immune to rotting.


Message History

Crawlian's ghost is severely damaged.
You barely miss crawlian's ghost. Your bite misses crawlian's ghost.
Crawlian's ghost is severely damaged.
Crawlian's ghost says, "I love the smell of burning flesh."
Crawlian's ghost misses you.
You closely miss crawlian's ghost. Your bite misses crawlian's ghost.
Crawlian's ghost is severely damaged.
Crawlian's ghost stops glowing.
Crawlian's ghost hits you but does no damage.
You hit crawlian's ghost. You bite crawlian's ghost. You drain its power.
You feel invigorated.
Crawlian's ghost is severely damaged.
Crawlian's ghost closely misses you.
You hit crawlian's ghost but do no damage.
Crawlian's ghost is severely damaged.
Crawlian's ghost hits you.
* * * LOW HITPOINT WARNING * * *
You are electrocuted!
Ouch! That really hurt!
You die...

#..... ..
##....###..#
.#####.......#..#
.....#..........##
.................
#..............
#......W......
#######.....@.......
....................
###................
#####............
##...........
##......##..
#......# . ##......#
#######.......#


You could see crawlian's ghost.

Vanquished Creatures
  An orc wizard (D:3)
  6 adders
  2 oozes
  3 worms (D:3)
  A giant gecko (D:3)
  6 orcs (D:3)
  3 giant cockroaches
  6 goblins
  8 hobgoblins
  3 ball pythons
  14 bats
  3 giant newts
  8 kobolds
  13 rats
77 creatures vanquished.

Notes
Turn   | Place    | Note
-------+----------+-------------------------------------------
     0 | D:1      | HAL9000 the Vine Stalker Enchanter began the quest for the Orb.
     0 | D:1      | Reached XP level 1. HP: 9/9 MP: 4/4
    46 | D:1      | Reached skill level 1 in Short Blades
   180 | D:1      | Reached skill level 1 in Fighting
   211 | D:1      | Reached XP level 2. HP: 14/14 MP: 6/6
   224 | D:1      | Learned a level 2 spell: Ensorcelled Hibernation
   564 | D:1      | Reached XP level 3. HP: 17/18 MP: 5/7
   881 | D:2      | Learned a level 3 spell: Confuse
   888 | D:2      | Found a sacrificial altar of Ru.
   978 | D:2      | Found a shimmering altar of Xom.
  1167 | D:2      | Reached XP level 4. HP: 23/23 MP: 8/8
  2130 | D:3      | Reached XP level 5. HP: 22/26 MP: 9/9
  2617 | D:4      | Noticed crawlian's ghost (weakling DEFE)
  2637 | D:4      | HP: 1/27 [crawlian's ghost (2)]
  2637 | D:4      | Demolished by crawlian's ghost

Vault maps used:
D:1:      elethiomel_arrival_infinity_welcomes_careful_drivers,
          minmay_misc_feat_iff
D:2:      old_standard_altar, lemuel_doored_altar, minmay_rat_gold_closets
D:3:      corexii_item_surrounded_by_moat
D:4:      first_bread

Skill      XL: |  1  2  3  4 |
---------------+-------------+-----
Short Blades   | 1 2 3 |  3.9
Fighting       | 1 2 |  2.5
Dodging        | |  1.5
Stealth        | |  3.6
Spellcasting   | |  2.1
Hexes          | |  3.0

Action                   |  1- 3 |  4- 6 || total
-------------------------+-------+-------++-------
Melee: Dagger            |   107 |   145 ||   252
       Bite              |    19 |    40 ||    59
 Cast: Ensorcelled Hiber |     1 |    21 ||    22
       Corona            |       |     1 ||     1
  Use: Scroll            |       |     1 ||     1
 Stab: Sleeping          |    11 |    18 ||    29
  Eat: Chunk             |     1 |     5 ||     6
Armor: Robe              |    34 |    20 ||    54
Dodge: Dodged            |    81 |    74 ||   155
